[Event "Tuesday 10 April, Rapid Engine Tour 13+2 Rounds 7, starts 16.00 ST"]
[Site "Infinity Chess"]
[Date "2018.4.10"]
[Round "1"]
[White "ocirema"]
[Black "MarioDeMonti"]
[Result "1/2-1/2 "]
[ECO "D70"]
[WhiteElo "2459"]
[BlackElo "2517"]
[WhiteEngine "asmFishW_2018-04-08_popcnt_CTG"]
[BlackEngine "stockfish_x64_bmi2_2018_02_18_CTG"]
[EventType "Swiss"]
[WhiteTeam ""]
[BlackTeam ""]
[PlyCount "190"]
[TimeControl "780+2"]

1. d4 Nf6 2. c4 g6 3. f3 c5 4. d5 d6 5. e4 Bg7 6. Nc3 e6 7. Nge2 O-O 8. Ng3 exd5 
9. cxd5 Ne8 10. Bf4 a6 11. a4 f5 12. Qd2 fxe4 13. Ngxe4 Nd7 14. Be2 Ndf6 
15. Nf2 Bd7 16. O-O Rb8 17. Bg5 b5 18. axb5 axb5 19. b4 Rf7 20. Kh1 c4 
21. Be3 Ra8 22. Bd4 Nc7 23. f4 h5 24. g3 Qf8 25. Bf3 Re7 26. Rxa8 Qxa8 
27. h3 Rf7 28. g4 Qf8 29. Kg2 Nfe8 30. Bxg7 Qxg7 31. Ne2 Re7 32. Kg3 Qh8 
33. Rh1 Nf6 34. g5 Nfe8 35. Kh2 Kh7 36. Rf1 Bf5 37. Nc3 Qf8 38. Bg2 Ng7 
39. Ra1 Rf7 40. Qd4 Re7 41. Qf6 Rf7 42. Qd4 Re7 43. Ra7 Qb8 44. Ra5 Qf8 
45. Ra1 Bc2 46. Qd2 Bf5 47. Bh1 Rf7 48. Ra2 Kg8 49. Bg2 Kh7 50. Kg1 Re7 
51. Qd4 Re1+ 52. Kh2 Re7 53. Ra7 Qb8 54. Ra3 Qf8 55. Qd2 Rf7 56. Qd4 Re7 
57. Ra2 Bd7 58. Ra7 Bf5 59. Rb7 Bc8 60. Ra7 Bf5 61. Ra2 Bd7 62. Qd2 Bf5 
63. Bf3 Kg8 64. Kg2 Kh7 65. Ra3 Rf7 66. Ra7 Re7 67. Qd4 Kg8 68. Be4 Kh7 
69. Bf3 Kg8 70. Kh2 Bc2 71. Bg2 Kh7 72. Qd2 Bf5 73. Ra2 Kg8 74. Bf3 Kh7 
75. Kg2 Rf7 76. Ra7 Qb8 77. Ra5 Qf8 78. Kg1 Re7 79. Kh2 Rf7 80. Be4 Re7 
81. Bg2 Qe8 82. h4 Kh8 83. Qd4 Rf7 84. Qd2 Re7 85. Ra7 Qb8 86. Ra3 Qe8 
87. Qd4 Qf8 88. Ra7 Qb8 89. Ra2 Qf8 90. Ra5 Kg8 91. Ra7 Qb8 92. Ra3 Qf8 
93. Qf6 Rf7 94. Qd4 Kh8 95. Ra7 Qb8 1/2-1/2

[Event "Tuesday 10 April, Rapid Engine Tour 13+2 Rounds 7, starts 16.00 ST"]
[Site "Infinity Chess"]
[Date "2018.4.10"]
[Round "1"]
[White "xeonrocks"]
[Black "SkyPilot"]
[Result "1/2-1/2"]
[ECO "C55"]
[WhiteElo "2566"]
[BlackElo "2461"]
[WhiteEngine "Stockfish_20180407_x64_bmi2_CTG"]
[BlackEngine "stockfish_x64_bmi2_2018_04_07_CTG"]
[EventType "Swiss"]
[WhiteTeam ""]
[BlackTeam ""]
[PlyCount "237"]
[TimeControl "780+2"]

1. e4 e5 2. Nf3 Nc6 3. Bc4 Nf6 4. d3 Bc5 5. O-O d6 6. c3 O-O 7. Re1 Bb6 8. h3 h6 
9. a4 a5 10. Nbd2 Nh5 11. Nf1 Be6 12. b3 Qf6 13. Ra2 Rad8 14. Ng5 Qg6 
15. Nxe6 fxe6 16. Qg4 Rf6 17. Qxg6 Rxg6 18. Rc2 Kh7 19. Nh2 Rf8 20. Kf1 Ne7 
21. Nf3 Rgf6 22. Ra2 Nc6 23. Rb2 Ne7 24. b4 Ng6 25. Be3 axb4 26. Rxb4 Nh4 
27. Rxb6 Nxf3 28. Rxb7 Nxe1 29. Kxe1 Nf4 30. Bxf4 Rxf4 31. f3 Ra8 32. Rxc7 Rxa4 
33. Rd7 Rf6 34. Rxd6 Ra1+ 35. Ke2 Rg1 36. Kf2 Rc1 37. Bxe6 Rxc3 38. Bf5+ Kg8 
39. Rd5 g6 40. Bd7 Rc2+ 41. Kg3 Rd2 42. Bb5 h5 43. h4 Re6 44. Rd7 Kf8 
45. Rd8+ Ke7 46. Rd7+ Kf8 47. Kh3 Re7 48. Rd5 Kf7 49. Kg3 Kg7 50. Bc4 Rb2 
51. Rd6 Kh6 52. Rc6 Rc2 53. Rb6 Rd2 54. Rb8 Kg7 55. Rb6 Kh7 56. Rb8 Kg7 
57. Rb6 Kh6 58. Kh3 Kh7 59. Rb5 Kh6 60. Rb6 Kh7 61. Kh2 Rc2 62. Kg3 Rd2 
63. Rb5 Kh6 64. Rc5 Kg7 65. Rc6 Kf8 66. Rc8+ Re8 67. Rc7 Re7 68. Rc6 Kg7 
69. Rc5 Kf6 70. Rc6+ Kg7 71. Rc8 Rc2 72. Rd8 Kf6 73. Rd6+ Kg7 74. Rd8 Kh7 
75. Rc8 Kg7 76. Rg8+ Kf6 77. Ra8 Rd2 78. Rd8 Kg7 79. Kh3 Kf6 80. g4 hxg4+ 
81. fxg4 Kg7 82. g5 Kh7 83. Kg4 Rd1 84. Kh3 Ra1 85. Kg2 Rb1 86. Kf2 Ra1 
87. Kg3 Rg1+ 88. Kh2 Ra1 89. Kg2 Rb1 90. Kg3 Rg1+ 91. Kf3 Rf1+ 92. Kg2 Rd1 
93. Kg3 Ra1 94. Kf2 Rb1 95. d4 exd4 96. Rxd4 Rb2+ 97. Kg3 Rb1 98. e5 Rxe5 
99. Rd7+ Kh8 100. Rf7 Re8 101. Rf4 Rg1+ 102. Kf2 Ra1 103. Kf3 Rc8 104. Kg4 Rg1+ 
105. Kf3 Ra1 106. Bd5 Rb1 107. Kg4 Rg1+ 108. Kf3 Rd1 109. Be6 Rc7 110. Kg4 Kg7 
111. Kg3 Re7 112. Re4 Ra1 113. Bd5 Rxe4 114. Bxe4 Ra2 115. Bf3 Ra1 116. h5 gxh5 
117. Kh4 Ra4+ 118. Kxh5 Rd4 119. Bg4 1/2-1/2

[Event "Tuesday 17 April Rapid Engine Tour 12+1 Rounds 9 Starts 1600ST"]
[Site "Infinity Chess"]
[Date "2018.4.17"]
[Round "9"]
[White "HerzsjeMZ"]
[Black "IronMan"]
[Result "1/2-1/2"]
[ECO "A22"]
[WhiteElo "2410"]
[BlackElo "2441"]
[WhiteEngine "S_XPrO.020418.64.POPCNT_CTG"]
[BlackEngine "Eman 170b21-IDeA"]
[EventType "Swiss"]
[WhiteTeam ""]
[BlackTeam ""]
[PlyCount "110"]
[TimeControl "720+1"]

1. c4 e5 2. Nc3 Nf6 3. g3 Bb4 4. Bg2 O-O 5. Nf3 Re8 6. O-O d6 7. d3 Bxc3 
8. bxc3 e4 9. Ng5 Bf5 10. f3 exd3 11. exd3 Nc6 12. g4 Bd7 13. h3 Rb8 14. Rb1 h6 
15. Ne4 Nxe4 16. fxe4 Ne5 17. Qe2 Ng6 18. d4 Qe7 19. Bd2 b6 20. Rbe1 Rf8 
21. Rf2 Rbe8 22. Bf1 Bc6 23. g5 Qxe4 24. Qxe4 Rxe4 25. Rxe4 Bxe4 26. gxh6 f6 
27. Kh2 Nh4 28. Be2 g5 29. Bg4 Ng6 30. Bh5 Bd3 31. Kg3 Be4 32. a3 Bd3 
33. Be3 Nh4 34. Bg4 Ng6 35. Be6+ Kh7 36. Kg4 a5 37. Kh5 Nf4+ 38. Bxf4 gxf4 
39. Rxf4 Bg6+ 40. Kg4 Kxh6 41. Rf2 Kg7 42. Kf4 Re8 43. Re2 Rh8 44. Re3 Re8 
45. h4 Kh6 46. d5 Re7 47. Rg3 Bh7 48. Rh3 Bg6 49. Rg3 Bh7 50. a4 Rg7 
51. Rxg7 Kxg7 52. Bf5 Bg8 53. Be6 Bh7 54. Bf5 Bg8 55. Be6 Bh7 1/2-1/2

[Event "Tuesday 17 April Rapid Engine Tour 12+1 Rounds 9 Starts 1600ST"]
[Site "Infinity Chess"]
[Date "2018.4.17"]
[Round "9"]
[White "ludimilojko"]
[Black "ocirema"]
[Result "1/2-1/2"]
[ECO "D31"]
[WhiteElo "2309"]
[BlackElo "2459"]
[WhiteEngine "S_XPrO.180318a.64_CTG"]
[BlackEngine "asmFishW_2018-04-11_popcnt_CTG"]
[EventType "Swiss"]
[WhiteTeam ""]
[BlackTeam ""]
[PlyCount "129"]
[TimeControl "720+1"]

1. d4 d5 2. c4 e6 3. Nc3 c6 4. Nf3 Nf6 5. Bg5 h6 6. Bxf6 Qxf6 7. e3 Nd7 
8. Be2 Be7 9. O-O O-O 10. Rc1 Rd8 11. Re1 g6 12. Bd3 Qg7 13. cxd5 exd5 
14. Qb3 Rb8 15. Qa4 a6 16. Qb3 b5 17. a4 Bb7 18. axb5 axb5 19. h4 h5 20. Qd1 Bb4 
21. Ra1 Be7 22. Ne2 Bb4 23. Rf1 Bd6 24. Ng5 Nf8 25. Ra7 Rd7 26. Qc2 Rc7 
27. Qd2 Re7 28. g3 Nh7 29. Nf3 Nf6 30. Rfa1 Qf8 31. Nf4 Kg7 32. Qc2 Qe8 
33. Bf1 Rd8 34. Bh3 Bb8 35. R7a2 Bc8 36. Bxc8 Rxc8 37. Nd3 Bd6 38. Ra6 Ne4 
39. Rc1 Rec7 40. b4 Bf8 41. Nc5 Nd6 42. Rca1 Nc4 43. R1a2 Be7 44. Qc3 Bd6 
45. Qd3 Re7 46. Kg2 Kg8 47. Qb1 Qd8 48. Ra7 Rxa7 49. Rxa7 Ra8 50. Rxa8 Qxa8 
51. e4 dxe4 52. Qxe4 Nb6 53. Ne5 Bxc5 54. dxc5 Nd5 55. Nd3 Qb8 56. Nf4 Nxf4+ 
57. gxf4 Qc8 58. f5 Qxf5 59. Qxf5 gxf5 60. Kg3 Kg7 61. Kf3 Kg6 62. Ke3 Kg7 
63. Kf3 Kg6 64. Kg3 Kg7 65. Kf3 1/2-1/2

[Event "Tuesday 17 April Rapid Engine Tour 12+1 Rounds 9 Starts 1600ST"]
[Site "Infinity Chess"]
[Date "2018.4.17"]
[Round "9"]
[White "star99"]
[Black "SkyPilot"]
[Result "1/2-1/2"]
[ECO "C24"]
[WhiteElo "2421"]
[BlackElo "2468"]
[WhiteEngine "Cryptic Heroes 9.4B"]
[BlackEngine "stockfish_x64_bmi2_2018_04_07_CTG"]
[EventType "Swiss"]
[WhiteTeam ""]
[BlackTeam ""]
[PlyCount "140"]
[TimeControl "720+1"]

1. e4 e5 2. Bc4 Nf6 3. d3 c6 4. Bb3 d5 5. Nf3 a5 6. a4 Bb4+ 7. c3 Bd6 
8. exd5 cxd5 9. Bg5 Be6 10. Na3 Nbd7 11. O-O O-O 12. Bh4 Bb8 13. Re1 Re8 
14. Nd2 Nc5 15. Bc2 Bd7 16. Nf3 e4 17. dxe4 dxe4 18. Nd4 Qc7 19. Bg3 Qb6 
20. Bxb8 Raxb8 21. Nc4 Qa6 22. Qe2 Rbd8 23. Qf1 h6 24. h3 Nh5 25. Nxa5 Qxa5 
26. b4 Qc7 27. bxc5 Nf6 28. c6 bxc6 29. Re3 Re5 30. Qe1 Rg5 31. Rd1 Rb8 
32. c4 Rc5 33. Rc3 Rb4 34. Bb3 Re5 35. Re3 Rb8 36. Qc3 Rc5 37. Qc1 Qa5 
38. Ne2 Be6 39. Nf4 Bf5 40. Qa1 Qc7 41. Ne2 Re8 42. Qa3 Qa5 43. Qa1 Qc7 
44. Qd4 Qa5 45. Qd6 Kh7 46. Nc3 Qb4 47. Rb1 Qa5 48. Nb5 Ree5 49. Nc3 Bg6 
50. Rd1 Ne8 51. Qd8 Qxd8 52. Rxd8 f5 53. Ne2 Bf7 54. Nd4 f4 55. Rxe4 Rxe4 
56. Bc2 Nf6 57. f3 Bg6 58. fxe4 Bxe4 59. Bxe4+ Nxe4 60. Nb3 Rxc4 61. Rd4 Rc3 
62. Rxe4 Rxb3 63. Rxf4 Ra3 64. h4 g5 65. hxg5 hxg5 66. Rc4 c5 67. Rxc5 Rxa4 
68. Rxg5 Kh6 69. Rg3 Ra1+ 70. Kh2 Rb1 1/2-1/2

[Event "Tuesday 17 April Rapid Engine Tour 12+1 Rounds 9 Starts 1600ST"]
[Site "Infinity Chess"]
[Date "2018.4.17"]
[Round "9"]
[White "Katzenmaier"]
[Black "MarioDeMonti"]
[Result "1/2-1/2"]
[ECO "A22"]
[WhiteElo "2485"]
[BlackElo "2426"]
[WhiteEngine "Raubfisch X38a."]
[BlackEngine "stockfish_x64_bmi2_2018_02_18_CTG"]
[EventType "Swiss"]
[WhiteTeam ""]
[BlackTeam ""]
[PlyCount "92"]
[TimeControl "720+1"]

1. c4 e5 2. Nc3 Nf6 3. e3 Bb4 4. Nge2 O-O 5. a3 Be7 6. d4 exd4 7. Qxd4 Nc6 
8. Qd1 d6 9. b3 Ne5 10. Ng3 h5 11. Qc2 h4 12. Nf5 Bxf5 13. Qxf5 Qd7 
14. Qxd7 Nfxd7 15. Rb1 c6 16. Be2 f5 17. O-O Bf6 18. Rd1 Nf7 19. Na4 g6 
20. b4 Rab8 21. Bd2 Rfe8 22. Kf1 Kg7 23. b5 Nc5 24. Nxc5 dxc5 25. a4 Red8 
26. g4 hxg3 27. hxg3 Kf8 28. g4 Ke7 29. f4 g5 30. gxf5 cxb5 31. cxb5 Nd6 
32. fxg5 Bxg5 33. Bd3 Rh8 34. Be1 Rbf8 35. e4 Bf4 36. Bc3 Rh2 37. Bg7 Rf7 
38. f6+ Ke6 39. b6 a5 40. Be2 Nxe4 41. Bc4+ Kf5 42. Bxf7 Ng3+ 43. Kg1 Ne2+ 
44. Kf1 Ng3+ 45. Kg1 Ne2+ 46. Kf1 Ng3+ 1/2-1/2

[Event "Tuesday 17 April Rapid Engine Tour 12+1 Rounds 9 Starts 1600ST"]
[Site "Infinity Chess"]
[Date "2018.4.17"]
[Round "9"]
[White "OlivierEvan"]
[Black "angriff"]
[Result "1-0"]
[ECO "C52"]
[WhiteElo "2373"]
[BlackElo "2409"]
[WhiteEngine "Houdini 6"]
[BlackEngine "DracoREX 3.07 64BIT POPCNT_CTG"]
[EventType "Swiss"]
[WhiteTeam ""]
[BlackTeam ""]
[PlyCount "125"]
[TimeControl "720+1"]

1. e4 e5 2. Nf3 Nc6 3. Bc4 Bc5 4. b4 Bxb4 5. c3 Ba5 6. d4 exd4 7. Qb3 Qe7 
8. O-O Bb6 9. cxd4 Nxd4 10. Nxd4 Bxd4 11. Nc3 c6 12. Ba3 Qe5 13. Bxf7+ Kd8 
14. Bxg8 Bxc3 15. Rad1 Bd4 16. Kh1 a5 17. Bf7 Bc5 18. Rd5 cxd5 19. Bxc5 Ra6 
20. Bxd5 g5 21. Rc1 Re8 22. h3 Ree6 23. Bxe6 Qxe6 24. Qb2 Rc6 25. Bb6+ Ke8 
26. Qh8+ Kf7 27. Rxc6 dxc6 28. Qxh7+ Ke8 29. Qh5+ Kf8 30. Bc5+ Kg7 31. Qxg5+ Kf7 
32. Qf4+ Kg6 33. Qg3+ Kf6 34. Bd4+ Ke7 35. Qc7+ Ke8 36. Bb6 Qd7 37. Qe5+ Kf7 
38. Bc5 Qe6 39. Qc7+ Bd7 40. f4 b6 41. f5 Qe8 42. Bxb6 Qe7 43. Bxa5 Ke8 
44. Bb6 Kf7 45. Qg3 Qf6 46. Bc5 Qh6 47. Qc7 Qc1+ 48. Bg1 Ke8 49. Qe5+ Kf7 
50. Qd6 Qg5 51. Qxd7+ Qe7 52. Qxe7+ Kxe7 53. e5 c5 54. Bxc5+ Ke8 55. e6 Kd8 
56. f6 Kc7 57. f7 Kc6 58. f8=Q Kb5 59. e7 Kxc5 60. e8=Q+ Kc4 61. Qc6+ Kd4 
62. Qfd6+ Ke3 63. Qf3# 1-0

[Event "Tuesday 17 April Rapid Engine Tour 12+1 Rounds 9 Starts 1600ST"]
[Site "Infinity Chess"]
[Date "2018.4.17"]
[Round "9"]
[White "Deep_Impact"]
[Black "Thinker"]
[Result "1/2-1/2"]
[ECO "A06"]
[WhiteElo "2386"]
[BlackElo "2458"]
[WhiteEngine "BrainFish_180411_x64_bmi2"]
[BlackEngine "BrainFish_180411_x64_modern_CTG"]
[EventType "Swiss"]
[WhiteTeam ""]
[BlackTeam ""]
[PlyCount "200"]
[TimeControl "720+1"]

1. Nf3 d5 2. d4 Nf6 3. e3 e6 4. b3 c5 5. Bb2 cxd4 6. exd4 Bd6 7. Bd3 Nc6 
8. O-O O-O 9. Nbd2 b6 10. a3 Bb7 11. Ne5 Ne7 12. Qe2 Rc8 13. c3 g6 14. Rae1 h5 
15. Rd1 Nf5 16. Rfe1 Nh7 17. Ndf3 Re8 18. h3 Ng5 19. a4 Nxf3+ 20. Qxf3 Qc7 
21. Rc1 Kg7 22. Rc2 Nh4 23. Qf4 Nf5 24. Qc1 f6 25. Nf3 Bf4 26. Qb1 Qf7 
27. Ba3 Kg8 28. Bb2 Bb8 29. Rce2 Kg7 30. Bb5 Bc6 31. Ba6 Rcd8 32. Bc1 Bd7 
33. h4 Bc8 34. Bb5 Qc7 35. Kf1 Bd7 36. Qd3 Bxb5 37. axb5 Qd7 38. Bb2 Rc8 
39. Rc2 Rf8 40. g3 Bd6 41. Kg1 Rfe8 42. Rd1 Bf8 43. Bc1 Qc7 44. Qe2 Bd6 
45. Bb2 Qd7 46. Qd3 Rcd8 47. Ne1 Qc7 48. Nf3 Rc8 49. Re2 Bf8 50. Kg2 Qd7 
51. Rc2 Bd6 52. Bc1 Red8 53. Kg1 Bf8 54. Qe2 Rc7 55. Bf4 Bd6 56. Bd2 Bb4 
57. Ne1 Bd6 58. Nf3 Re8 59. Qd3 Qe7 60. Kg2 Qd7 61. Kg1 Kg8 62. Ne1 Qf7 
63. Bc1 Rec8 64. Nf3 Qd7 65. c4 Kg7 66. Qe2 Re8 67. Ra2 Qc8 68. Ra4 a5 
69. bxa6 b5 70. cxb5 Rxc1 71. b6 Rc2 72. Rd2 Rc3 73. b7 Qd7 74. Ra1 Bb8 
75. b4 Qc7 76. b5 Ba7 77. Kh2 Nd6 78. Raa2 Qb6 79. Rdb2 Nc4 80. Rb4 e5 
81. dxe5 fxe5 82. Ng5 e4 83. Qe1 Rd3 84. Rb1 Rf8 85. Qb4 Rxf2+ 86. Kh1 Rf7 
87. Nxf7 Kxf7 88. Rf1+ Rf3 89. Qb1 Qe3 90. Rc2 Nd2 91. Rxd2 Qxd2 92. b6 Qe2 
93. Re1 Rb3 94. Qxb3 Qxe1+ 95. Kg2 Qe2+ 96. Kh3 Qf1+ 97. Kh2 Qf2+ 98. Kh3 Qf1+ 
99. Kh2 Qf2+ 100. Kh3 Qf1+ 1/2-1/2

[Event "Tuesday 17 April Rapid Engine Tour 12+1 Rounds 9 Starts 1600ST"]
[Site "Infinity Chess"]
[Date "2018.4.17"]
[Round "9"]
[White "Longin"]
[Black "hafaba"]
[Result "1/2-1/2"]
[ECO "C50"]
[WhiteElo "2484"]
[BlackElo "2473"]
[WhiteEngine "Raubfisch ME262_GTZ17b_CTG"]
[BlackEngine "Eman 1.70-beta21 64-bit POPCNT_CTG"]
[EventType "Swiss"]
[WhiteTeam ""]
[BlackTeam ""]
[PlyCount "127"]
[TimeControl "720+1"]

1. e4 e5 2. Nf3 Nc6 3. Bc4 Bc5 4. O-O Nf6 5. d3 d6 6. c3 a5 7. Re1 O-O 8. Bb3 h6 
9. h3 Ba7 10. Nbd2 b5 11. a4 b4 12. Bc4 Be6 13. Bb5 Ne7 14. d4 c6 15. Bd3 Ng6 
16. Nb3 Rb8 17. c4 Re8 18. Be3 Qc7 19. Qc2 Rbd8 20. Rad1 exd4 21. Nbxd4 Bc8 
22. Nd2 Nh5 23. N2f3 Nf6 24. Nd2 Bd7 25. Nf1 Bc5 26. Nf5 Ne5 27. N5g3 Bc8 
28. b3 h5 29. Qe2 g6 30. Nd2 h4 31. Ngf1 Qa7 32. Nh2 Bxe3 33. Qxe3 Qxe3 
34. Rxe3 Bb7 35. Nhf3 c5 36. Nxh4 Nxd3 37. Rxd3 Bxe4 38. Nxe4 Nxe4 39. Re3 Nc3 
40. Rxd6 Rxd6 41. Rxe8+ Kg7 42. Nf3 Rd1+ 43. Kh2 Rb1 44. Nd2 Rb2 45. Rd8 Ne2 
46. Rd5 Nd4 47. Ne4 Nxb3 48. Nxc5 Nc1 49. Nd7 Nb3 50. Nc5 Nc1 51. Nd7 b3 
52. Rxa5 Rd2 53. Nb6 Ne2 54. Rb5 Nd4 55. Rb4 b2 56. c5 Nc6 57. Rb3 Na5 
58. Rb5 Rc2 59. h4 Nc6 60. a5 Nd4 61. Rb4 Nc6 62. Rb5 Nd4 63. Rb4 Nc6 64. Rb5 
1/2-1/2

[Event "Tuesday 17 April Rapid Engine Tour 12+1 Rounds 9 Starts 1600ST"]
[Site "Infinity Chess"]
[Date "2018.4.17"]
[Round "9"]
[White "CrapCleaner"]
[Black "Seliga"]
[Result "1/2-1/2"]
[ECO "C50"]
[WhiteElo "2491"]
[BlackElo "2502"]
[WhiteEngine "Raubfisch X38b_CTG"]
[BlackEngine "AsmFish@A12_CTG"]
[EventType "Swiss"]
[WhiteTeam ""]
[BlackTeam ""]
[PlyCount "70"]
[TimeControl "720+1"]

1. e4 e5 2. Nf3 Nc6 3. Bc4 Bc5 4. O-O Nf6 5. d3 O-O 6. c3 a5 7. Re1 d6 8. h3 Bb6 
9. Nbd2 h6 10. Bb5 Ne7 11. d4 c6 12. Bd3 Bc7 13. Bc2 Ng6 14. Nf1 d5 
15. Nxe5 dxe4 16. Nxg6 fxg6 17. Bxe4 Nxe4 18. Rxe4 a4 19. b3 Qd5 20. Re7 Bd6 
21. c4 Qh5 22. Qxh5 gxh5 23. Re3 Bf4 24. Rf3 Bd6 25. Rxf8+ Kxf8 26. Bb2 Bf5 
27. Ne3 Be4 28. d5 cxd5 29. Nxd5 axb3 30. axb3 Rxa1+ 31. Bxa1 Bb1 32. Bd4 Ba2 
33. c5 Bb8 34. Nb6 Bc7 35. b4 Bxb6 1/2-1/2

[Event "Tuesday 17 April Rapid Engine Tour 12+1 Rounds 9 Starts 1600ST"]
[Site "Infinity Chess"]
[Date "2018.4.17"]
[Round "9"]
[White "RonWeasley"]
[Black "Murx"]
[Result "1/2-1/2"]
[ECO "D30"]
[WhiteElo "2484"]
[BlackElo "2513"]
[WhiteEngine "BrainFish 090218_CTG"]
[BlackEngine "asmFishW_2018-04-07_popcnt"]
[EventType "Swiss"]
[WhiteTeam ""]
[BlackTeam ""]
[PlyCount "123"]
[TimeControl "720+1"]

1. d4 d5 2. c4 e6 3. Nf3 Nf6 4. Nc3 c6 5. Bg5 h6 6. Bxf6 Qxf6 7. e3 Nd7 
8. Be2 g6 9. O-O Be7 10. Nd2 O-O 11. f4 b6 12. Rc1 Bb7 13. cxd5 exd5 
14. Bg4 Rad8 15. Nf3 Qd6 16. Ne5 Nf6 17. Bh3 Kg7 18. Qa4 a5 19. Rfe1 b5 
20. Qd1 Qb8 21. Re2 Bd6 22. Rec2 Qa7 23. Qf3 Rde8 24. Ne2 Re7 25. Rxc6 Bxc6 
26. Nxc6 Qb7 27. Nxe7 Qxe7 28. Nc3 b4 29. Nd1 a4 30. g3 Rb8 31. Bf1 b3 
32. axb3 Rxb3 33. Ra1 Bb4 34. Qe2 Qc7 35. Bg2 Qc8 36. Kh1 Qc6 37. Bh3 Be7 
38. Bf1 Bd6 39. Kg2 Bb4 40. Kg1 Qc8 41. Rxa4 Qc1 42. g4 Bd2 43. Ra3 Rxa3 
44. bxa3 Ne4 45. Kg2 Qxa3 46. Qb5 Qc1 47. Qb3 Be1 48. Qd3 Bd2 49. Be2 Nc3 
50. Nxc3 Bxc3 51. f5 gxf5 52. gxf5 Bd2 53. f6+ Kxf6 54. Bg4 Bxe3 55. Qf5+ Kg7 
56. Qe5+ Kf8 57. Qb8+ Ke7 58. Qb4+ Kf6 59. Qd6+ Kg7 60. Qe5+ Kg8 61. Qe8+ Kg7 
62. Qe5+ 1/2-1/2

[Event "Tuesday 17 April Rapid Engine Tour 12+1 Rounds 9 Starts 1600ST"]
[Site "Infinity Chess"]
[Date "2018.4.17"]
[Round "9"]
[White "Marsell"]
[Black "Susanne"]
[Result "1/2-1/2"]
[ECO "B32"]
[WhiteElo "2483"]
[BlackElo "2531"]
[WhiteEngine "BrainFish_180408_x64_bmi2"]
[BlackEngine "asmFishW_IX_bmi2_CTG"]
[EventType "Swiss"]
[WhiteTeam ""]
[BlackTeam ""]
[PlyCount "114"]
[TimeControl "720+1"]

1. e4 c5 2. Nf3 Nc6 3. d4 cxd4 4. Nxd4 e5 5. Nb5 d6 6. N1c3 a6 7. Na3 b5 
8. Nd5 Nf6 9. Bg5 Be7 10. Bxf6 Bxf6 11. c3 Rb8 12. Nc2 Bg5 13. a4 bxa4 
14. Ncb4 Nxb4 15. Nxb4 Bd7 16. Bxa6 Qa5 17. Qxd6 Rb6 18. Qd3 Be6 19. Bc4 Rxb4 
20. Bxe6 Rd4 21. Qf3 O-O 22. Bd5 Bd2+ 23. Kf1 Qb5+ 24. c4 Qxb2 25. Rxa4 Rxd5 
26. exd5 Qb1+ 27. Ke2 Qc2 28. Qd3 Qxa4 29. Kxd2 Qa7 30. Ke2 Qa2+ 31. Ke3 f5 
32. d6 Qa7+ 33. c5 Qxc5+ 34. Ke2 Qc6 35. Rd1 Qxg2 36. d7 Qg4+ 37. f3 Qg2+ 
38. Ke3 f4+ 39. Ke4 Qg6+ 40. Kd5 Qb6 41. Qc4 g6 42. Kxe5+ Kg7 43. Qe4 Qa5+ 
44. Rd5 Qc7+ 45. Kd4 Kf6 46. Qb1 Qa7+ 47. Kd3 Rd8 48. Qb5 Qe3+ 49. Kc2 Qf2+ 
50. Rd2 Qxf3 51. Re2 Kg7 52. Re8 Qg2+ 53. Kb1 Qg1+ 54. Kc2 Qxh2+ 55. Kb1 Qh1+ 
56. Kc2 Qg2+ 57. Kb1 Qh1+ 1/2-1/2

[Event "Tuesday 17 April Rapid Engine Tour 12+1 Rounds 9 Starts 1600ST"]
[Site "Infinity Chess"]
[Date "2018.4.17"]
[Round "8"]
[White "angriff"]
[Black "IronMan"]
[Result "1-0"]
[ECO "C55"]
[WhiteElo "2390"]
[BlackElo "2460"]
[WhiteEngine "DracoREX 3.07 64BIT POPCNT_CTG"]
[BlackEngine "Eman 170b21-IDeA"]
[EventType "Swiss"]
[WhiteTeam ""]
[BlackTeam ""]
[PlyCount "161"]
[TimeControl "720+1"]

1. e4 e5 2. Nf3 Nc6 3. Bc4 Nf6 4. d3 Bc5 5. O-O O-O 6. c3 d6 7. h3 a5 
8. Nbd2 Be6 9. Bb5 Qc8 10. Re1 Bxh3 11. gxh3 Qxh3 12. Nf1 Na7 13. Ba4 Qg4+ 
14. Kh1 Qh3+ 15. N3h2 b5 16. d4 exd4 17. cxd4 Bxd4 18. Qxd4 Nc6 19. Qe3 Qxe3 
20. Bxe3 bxa4 21. Ng3 Rfb8 22. Rec1 Ne5 23. Rxc7 Rxb2 24. Kg2 Ne8 25. Rc3 g6 
26. Nf3 f6 27. Nxe5 dxe5 28. Rc6 Rd8 29. Nf1 Rbb8 30. Rac1 Kf7 31. R1c2 h5 
32. Nd2 Rd6 33. R6c5 Ra6 34. Nc4 g5 35. Rd2 Kg6 36. Nxa5 Rd6 37. Nc4 Rxd2 
38. Bxd2 Ra8 39. Rc6 Kf7 40. Be3 a3 41. Nb6 Ra6 42. f3 Ng7 43. Rc7+ Kg6 
44. Re7 Kh7 45. Kh2 Kg6 46. Kg3 f5 47. Kg2 g4 48. fxg4 hxg4 49. Rxe5 fxe4 
50. Rxe4 Kf7 51. Rf4+ Ke6 52. Rxg4 Nf5 53. Bc5 Ra5 54. Re4+ Kf7 55. Nd7 Ra8 
56. Kf3 Ng7 57. Re7+ Kg6 58. Ke4 Nh5 59. Re6+ Kf7 60. Rh6 Ng3+ 61. Kd5 Ne2 
62. Rf6+ Kg7 63. Bf8+ Rxf8 64. Rxf8 Kh6 65. Rf3 Kg6 66. Re3 Nf4+ 67. Ke5 Nh5 
68. Rxa3 Kg5 69. Rh3 Kg6 70. Rxh5 Kxh5 71. a4 Kh4 72. a5 Kg4 73. a6 Kf3 
74. a7 Ke3 75. a8=Q Kd3 76. Qf3+ Kc2 77. Kd4 Kb2 78. Kc4 Kc1 79. Kc3 Kb1 
80. Qb7+ Ka1 81. Qb2# 1-0

[Event "Tuesday 17 April Rapid Engine Tour 12+1 Rounds 9 Starts 1600ST"]
[Site "Infinity Chess"]
[Date "2018.4.17"]
[Round "8"]
[White "star99"]
[Black "HerzsjeMZ"]
[Result "1/2-1/2"]
[ECO "A46"]
[WhiteElo "2422"]
[BlackElo "2409"]
[WhiteEngine "Cryptic Heroes 9.4B"]
[BlackEngine "S_XPrO.020418.64.POPCNT_CTG"]
[EventType "Swiss"]
[WhiteTeam ""]
[BlackTeam ""]
[PlyCount "139"]
[TimeControl "720+1"]

1. d4 Nf6 2. Nf3 d5 3. c4 e6 4. e3 c6 5. b3 c5 6. Bb2 cxd4 7. exd4 Bb4+ 
8. Nbd2 b6 9. a3 Be7 10. Bd3 Nbd7 11. O-O Bb7 12. Qe2 O-O 13. Rac1 Rc8 
14. Rfd1 Nh5 15. g3 dxc4 16. bxc4 Nhf6 17. Re1 Re8 18. Qd1 Bf8 19. Bf1 g6 
20. a4 Bh6 21. Bc3 a5 22. Bg2 Qc7 23. h4 Red8 24. Bh3 Bg7 25. Bb2 Re8 
26. Qb3 Qc6 27. Bg2 Red8 28. Ba3 Qc7 29. Ng5 Bxg2 30. Kxg2 Qb7+ 31. Kg1 h6 
32. Ngf3 Qc6 33. Kg2 Ng4 34. d5 Qa8 35. Ne4 exd5 36. cxd5 Nc5 37. Nxc5 bxc5 
38. Rxc5 Rxc5 39. Bxc5 Rxd5 40. Re7 Kh7 41. Ba3 Ne5 42. Nxe5 Rd3+ 43. Qb7 Qxb7+ 
44. Rxb7 Rxa3 45. Rxf7 Rxa4 46. Ra7 Ra1 47. Nd3 Kg8 48. Ra6 Kf7 49. Nf4 Bd4 
50. Rxg6 Ra2 51. Kh3 Rxf2 52. Ra6 Be3 53. Kg4 Bxf4 54. gxf4 Rg2+ 55. Kf3 Ra2 
56. h5 a4 57. Kg4 a3 58. Kf5 Ra1 59. Ra7+ Ke8 60. Kf6 a2 61. Ra8+ Kd7 62. f5 Kd6 
63. Ra5 Kd7 64. Ra8 Kc6 65. Kf7 Kd6 66. Ra5 Rf1 67. Rxa2 Rxf5+ 68. Kg6 Re5 
69. Ra1 Re6+ 70. Kf5 1/2-1/2

[Event "Tuesday 17 April Rapid Engine Tour 12+1 Rounds 9 Starts 1600ST"]
[Site "Infinity Chess"]
[Date "2018.4.17"]
[Round "8"]
[White "MarioDeMonti"]
[Black "ludimilojko"]
[Result "1/2-1/2"]
[ECO "C53"]
[WhiteElo "2431"]
[BlackElo "2304"]
[WhiteEngine "stockfish_x64_bmi2_2018_02_18_CTG"]
[BlackEngine "S_XPrO.180318a.64_CTG"]
[EventType "Swiss"]
[WhiteTeam ""]
[BlackTeam ""]
[PlyCount "214"]
[TimeControl "720+1"]

1. e4 e5 2. Nf3 Nc6 3. Bc4 Bc5 4. c3 Nf6 5. d3 d6 6. O-O O-O 7. h3 a5 8. Re1 h6 
9. Nbd2 Be6 10. a4 Bb6 11. Bxe6 fxe6 12. Nc4 Bc5 13. Be3 Bxe3 14. Rxe3 Qd7 
15. Rc1 Rf7 16. d4 exd4 17. cxd4 Raf8 18. Qb3 b6 19. Qb5 Nb4 20. Na3 Na2 
21. Rd1 Nb4 22. Qxd7 Nxd7 23. Nb5 Nb8 24. b3 N8a6 25. Rd2 Kh7 26. h4 Kg6 
27. Kh2 Kh5 28. Kh3 Kg6 29. Kg3 Nc6 30. Rc3 Ncb4 31. Ne1 Rd7 32. Re3 Re7 
33. f3 e5 34. Nd3 exd4 35. Nxd4 Nxd3 36. Rexd3 h5 37. Kh3 Kf7 38. Rc3 Nc5 
39. Ne2 g6 40. Nf4 Rb8 41. Kg3 Re5 42. Nd3 Re6 43. Nf4 Re5 44. Rd1 Rb7 
45. Re1 Nd7 46. Nd3 Re8 47. Nf4 Re5 48. Nd3 Re8 49. Rec1 Nc5 50. Nf4 Re5 
51. Rd1 Nd7 52. Nd3 Re8 53. Nf4 Re5 54. Nd5 Nc5 55. Rd4 Re8 56. Rd1 Re5 
57. Kf2 Re8 58. Rdc1 Re5 59. Rd1 Re8 60. Rdc1 Rf8 61. Kg3 Kg7 62. Re1 Kh6 
63. Kh3 Rf7 64. g3 Rb8 65. Rec1 Kg7 66. Nf4 Re7 67. Rb1 Kf7 68. Rbc1 Ree8 
69. Rg1 b5 70. Rgc1 Rb7 71. Nd5 bxa4 72. bxa4 Rc8 73. e5 Rb3 74. Rc4 Rcb8 
75. Nxc7 Nd3 76. e6+ Ke7 77. R1c3 Ne5 78. Nb5 Nxc4 79. Rxb3 d5 80. f4 Kf6 
81. g4 hxg4+ 82. Kxg4 Rb6 83. e7 Kxe7 84. Rd3 Rf6 85. Kg5 Nb6 86. Rc3 Rf5+ 
87. Kg4 Nc4 88. Rc1 Rf8 89. Kg5 Kf7 90. Nd4 Re8 91. f5 gxf5 92. h5 Re5 
93. Nf3 Re3 94. Nh4 Rg3+ 95. Kxf5 Ne3+ 96. Kf4 Rg4+ 97. Kxe3 Rxh4 98. Kd3 Ke6 
99. Rc6+ Ke5 100. h6 Rxa4 101. h7 Rd4+ 102. Kc2 Rh4 103. h8=Q+ Rxh8 
104. Ra6 Rc8+ 105. Kd2 Rc5 106. Kd3 Rb5 107. Kc3 Rc5+ 1/2-1/2